 Dungeon Crawl Stone Soup version 0.25-a0-1015-g4819203062 (webtiles) character file.

Game seed: 8262088434508161414, levelgen mode: deterministic

58 Essalna the Chopper (level 4, 0/34 HPs)
             Began as a Gnoll Wanderer on May 12, 2020.
             Slain by a frilled lizard (1 damage)
             ... on level 2 of the Dungeon.
             The game lasted 00:02:38 (1147 turns).

Essalna the Chopper (Gnoll Wanderer)                Turns: 1147, Time: 00:02:39

Health: 0/34       AC:  8    Str: 16    XL:     4   Next: 1%
Magic:  6/6        EV:  7    Int: 14    God:
Gold:   10         SH:  0    Dex: 14    Spells: 5/5 levels left

rFire    . . .     SeeInvis .   e - +0 spear
rCold    . . .     Gourm    .   (no shield)
rNeg     . . .     Faith    .   g - +0 chain mail
rPois    .         Spirit   .   (no helmet)
rElec    .         Reflect  .   (no cloak)
rCorr    .         Harm     .   (no gloves)
MR       .....                  (no boots)
Stlth    ..........             (no amulet)
HPRegen  0.11/turn              (no ring)
MPRegen  0.10/turn              (no ring)

@: no status effects
A: distributed training, fangs 1, strong nose
a: no special abilities


You were on level 2 of the Dungeon.
You were not hungry.

You visited 1 branch of the dungeon, and saw 2 of its levels.

You collected 10 gold pieces.

Inventory:

Hand Weapons
 a - a +2 hand axe
 e - a +0 spear (weapon)
Armour
 d - a +0 robe
 g - a +0 chain mail (worn)
Scrolls
 h - a scroll of identify {unknown}
 j - a scroll of remove curse {unknown}
Potions
 b - a potion of lignification
 i - a potion of magic {unknown}
 k - a potion of heal wounds {unknown}
Comestibles
 c - 2 chunks of flesh
 f - a ration


   Skills:
 + Level 2.6 Fighting
 + Level 1.0 Short Blades
 + Level 1.0 Long Blades
 + Level 6.5 Axes
 + Level 1.0 Maces & Flails
 + Level 1.0 Polearms
 + Level 1.0 Staves
 + Level 1.0 Slings
 + Level 1.0 Bows
 + Level 1.0 Crossbows
 + Level 1.0 Throwing
 + Level 2.6 Armour
 + Level 1.0 Dodging
 + Level 1.0 Stealth
 + Level 2.6 Shields
 + Level 1.0 Unarmed Combat
 + Level 1.0 Spellcasting
 + Level 0.7 Conjurations
 + Level 0.7 Hexes
 + Level 0.7 Charms
 + Level 0.7 Summonings
 + Level 0.7 Necromancy
 + Level 3.8 Translocations
 + Level 2.1 Transmutations
 + Level 0.7 Fire Magic
 + Level 0.7 Ice Magic
 + Level 0.7 Air Magic
 + Level 0.7 Earth Magic
 + Level 0.7 Poison Magic
 + Level 1.0 Invocations
 + Level 2.6 Evocations


You had 5 spell levels left.
You didn't know any spells.
Your spell library contained the following spells:

 Spells                   Type           Power        Failure   Level  Hunger
 Sticks to Snakes         Tmut           #.......     96%         2    ###....
 Passwall                 Tmut/Erth      #.......     98%         2    ###....


Dungeon Overview and Level Annotations

Branches:
Dungeon (2/15)

Altars:


Innate Abilities, Weirdness & Mutations

Your experience applies equally to all skills.
You have very sharp teeth.
Your uncanny sense of smell can sniff out nearby items.


Message History

The bat hits you but does no damage. The bat hits you.
* * * LOW HITPOINT WARNING * * *
The frilled lizard bites you.
* * * LOW HITPOINT WARNING * * *
The frilled lizard bites you but does no damage.
The bat hits you but does no damage.
The frilled lizard bites you but does no damage.
The frilled lizard barely misses you. The bat barely misses you.
The frilled lizard bites you but does no damage. x2
Some of the chunks of flesh in your inventory have rotted away.
The bat barely misses you. The frilled lizard barely misses you.
The frilled lizard bites you but does no damage.
The bat hits you but does no damage. The frilled lizard closely misses you.
The frilled lizard barely misses you. The bat hits you but does no damage.
The frilled lizard bites you but does no damage.
The frilled lizard closely misses you. The bat hits you but does no damage.
The frilled lizard bites you.
You die...

.. . ##.
#.. #.#
####.#
...#..bl#
......l@#
.........#
.........#
###+###..#
#$.# #..#
∆+..# #..#


You could see a bat and 2 frilled lizards.

Vanquished Creatures
  A gnoll (D:1)
  An ooze (D:1)
  2 dart slugs (D:1)
  A bat (D:1)
  2 giant cockroaches (D:1)
  A goblin (D:1)
  4 hobgoblins (D:1)
  15 jackals (D:1)
  A ball python (D:1)
  A frilled lizard (D:1)
  2 kobolds (D:1)
  3 rats (D:1)
34 creatures vanquished.

Notes
Turn   | Place    | Note
-------+----------+-------------------------------------------
     0 | D:1      | Essalna the Gnoll Wanderer began the quest for the Orb.
     0 | D:1      | Essalna set off with the following items: a +2 hand axe, a
                  | potion of lignification, a +0 robe, a ration; and the
                  | following spells available to memorise: Sticks to Snakes,
                  | Passwall
     0 | D:1      | Reached XP level 1. HP: 17/17 MP: 2/2
   179 | D:1      | Reached XP level 2. HP: 13/23 MP: 3/3
   543 | D:1      | Reached XP level 3. HP: 28/28 MP: 4/4
   726 | D:1      | Reached skill level 1 in Invocations
   805 | D:1      | Reached skill level 1 in Short Blades
   805 | D:1      | Reached skill level 1 in Long Blades
   805 | D:1      | Reached skill level 1 in Maces & Flails
   805 | D:1      | Reached skill level 1 in Polearms
   805 | D:1      | Reached skill level 1 in Staves
   805 | D:1      | Reached skill level 1 in Slings
   805 | D:1      | Reached skill level 1 in Bows
   805 | D:1      | Reached skill level 1 in Crossbows
   805 | D:1      | Reached skill level 1 in Throwing
   805 | D:1      | Reached skill level 1 in Dodging
   805 | D:1      | Reached skill level 1 in Stealth
   805 | D:1      | Reached skill level 1 in Unarmed Combat
   805 | D:1      | Reached skill level 1 in Spellcasting
   974 | D:1      | Reached XP level 4. HP: 34/34 MP: 6/6
  1127 | D:2      | HP: 1/34 [frilled lizard (1)]
  1141 | D:2      | HP: 1/34 [frilled lizard (1)]
  1147 | D:2      | Slain by a frilled lizard

Illustrated notes

Levels and vault maps discovered:
D:1:      ncdulo_wetmaze, layout_loops_cross, serial_park_tiny_pond
D:2:      layout_rooms, lemuel_doored_altar, first_ration, uniq_sigmund,
          uniq_jessica

Skill      XL: |  1  2  3 |
---------------+----------+-----
Transmutations | 2 |  2.1
Invocations    | 1 |  1.0
Short Blades   | 1 |  1.0
Long Blades    | 1 |  1.0
Maces & Flails | 1 |  1.0
Polearms       | 1 |  1.0
Staves         | 1 |  1.0
Slings         | 1 |  1.0
Bows           | 1 |  1.0
Crossbows      | 1 |  1.0
Throwing       | 1 |  1.0
Dodging        | 1 |  1.0
Stealth        | 1 |  1.0
Unarmed Combat | 1 |  1.0
Spellcasting   | 1 |  1.0
Fighting       | |  2.6
Axes           | |  6.5
Armour         | |  2.6
Shields        | |  2.6
Conjurations   | |  0.7
Hexes          | |  0.7
Charms         | |  0.7
Summonings     | |  0.7
Necromancy     | |  0.7
Translocations | |  3.8
Fire Magic     | |  0.7
Ice Magic      | |  0.7
Air Magic      | |  0.7
Earth Magic    | |  0.7
Poison Magic   | |  0.7
Evocations     | |  2.6

Action                   |  1- 3 |  4- 6 || total
-------------------------+-------+-------++-------
Melee: Hand axe          |     9 |       ||     9
       Spear             |   143 |       ||   143
       Bite              |    19 |       ||    19
  Eat: Chunk             |       |     1 ||     1
Armor: Robe              |     1 |       ||     1
       Chain mail        |    99 |   127 ||   226
Dodge: Dodged            |    61 |    93 ||   154

Table legend:
 A = Non-vault XP
 B = Vault XP
 C = Vault XP percentage of total XP
 D = Non-vault monster count
 E = Vault monster count
 F = Vault count percentage of total count
                 A         B        C        D         E       F
            +---------+---------+-------+---------+---------+-------
      Total |      83 |       0 |   0.0 |      34 |       0 |   0.0
            +---------+---------+-------+---------+---------+-------
        D:1 |      83 |       0 |   0.0 |      34 |       0 |   0.0
            +---------+---------+-------+---------+---------+-------
